 Dungeon Crawl Stone Soup version 0.17-a0-1230-g8afc29e (webtiles) character file.

197714 Chiseanne the Peltast (level 18, -11/154 HPs)
             Began as a Demonspawn Wanderer on June 5, 2015.
             Was a High Priest of Okawaru.
             Mangled by an ettin
             ... wielding a +0 dire flail
              (17 damage)
             ... on level 1 of the Depths.
             The game lasted 02:34:33 (34909 turns).

Chiseanne the Peltast (Demonspawn Wanderer)        Turns: 34909, Time: 02:34:33

Health: -11/154    AC: 21    Str: 20    XL:     18   Next: 19%
Magic:  19/21      EV: 29    Int: 13    God:    Okawaru [*****.]
Gold:   145        SH: 19    Dex: 21    Spells: 1 memorised, 16 levels left

rFire  + . .     SeeInvis +     a - +7 whip (elec)
rCold  + . .     Clarity  +     Q - +0 ring mail of Responsibility {rElec rF+ Str+2} (curse)
rNeg   + . .     SustAt   .     I - +2 shield
rPois  +         Gourm    .     l - +3 crown of Dyrovepreva {rElec Int+2 SInv}
rElec  +         Spirit   .     Z - +0 cloak of Web Niwu {rN+ Str+2}
rCorr  +         Warding  .     Y - +2 pair of gloves {Str+3} {god gift}
rMut   .         Stasis   .     (boots unavailable)
MR     +....                    V - amulet "Abomo" {Regen+ Stlth+}
Stlth  ++++......               g - ring of poison resistance
                                J - ring of invisibility

@: heroism, somewhat resistant to hostile enchantments, stealthy
A: horns 1, talons 3, yellow scales 3, breathe flames 1, clarity, cold
resistance 1, dopey 1, low mp 1, powered by death 2, robust 1, freezing cloud
immunity
a: Heroism, Finesse, Renounce Religion, Breathe Fire, Evoke Invisibility


You were on level 1 of the Depths.
You worshipped Okawaru.
Okawaru was extremely pleased with you.
You were not hungry.

You visited 4 branches of the dungeon, and saw 29 of its levels.
You also visited: Sewer and Ice Cave.

You collected 2985 gold pieces.
You spent 2840 gold pieces at shops.

Inventory:

Hand weapons
 a - a +7 whip of electrocution (weapon)
 d - a +2 morningstar of protection
 f - a +1 hand axe of flaming
 s - a +2 hand axe of venom
 w - a +0 blowgun
Missiles
 c - a javelin of returning (quivered)
 r - 2 curare-tipped needles
 x - 21 poisoned needles
 C - 7 javelins
 L - 7 javelins of penetration
 X - a throwing net
Armour
 l - the +3 crown of Dyrovepreva (worn) {rElec Int+2 SInv}
   (You bought it in a shop on level 15 of the Dungeon)

   It affects your intelligence (+2).
   It insulates you from electricity.
   It lets you see invisible.
 I - a +2 shield (worn)
 O - the +0 plate armour "Gasexoci" {rF+ Int+2}
   (You found it on level 8 of the Lair of Beasts)

   It affects your intelligence (+2).
   It protects you from fire.
 Q - the cursed +0 ring mail of Responsibility (worn) {rElec rF+ Str+2}
   (You found it on level 14 of the Dungeon)

   It affects your strength (+2).
   It protects you from fire.
   It insulates you from electricity.
   It has a curse placed upon it.
 Y - a +2 pair of gloves of strength (worn) {god gift}
 Z - the +0 cloak of Web Niwu (worn) {rN+ Str+2}
   (You found it in an ice cave)

   It affects your strength (+2).
   It protects you from negative energy.
Jewellery
 g - a ring of poison resistance (right hand)
 m - an uncursed amulet of clarity
 v - an uncursed ring of flight
 J - a ring of invisibility (left hand)
 V - the amulet "Abomo" (around neck) {Regen+ Stlth+}
   (You found it in an ice cave)

   [amulet of regeneration]

   It increases your rate of regeneration.
   It makes you more stealthy.
Magical devices
 b - a wand of teleportation (8)
 t - a wand of disintegration (13)
 F - a wand of teleportation (6)
 H - a wand of digging (12)
 R - a wand of disintegration (0)
 U - a wand of hasting (5)
Scrolls
 h - a scroll of enchant armour
 q - 3 scrolls of immolation
 A - 2 scrolls of fog
 B - 3 scrolls of blinking
 D - 12 scrolls of teleportation
 E - 3 scrolls of fear
 K - a scroll of recharging
 M - 6 scrolls of identify
 N - 10 scrolls of remove curse
 W - 4 scrolls of magic mapping
Potions
 j - 11 potions of curing
 o - 6 potions of flight
 u - 2 potions of haste
 G - a potion of cure mutation
 P - a potion of agility
 T - a potion of resistance
Books
 i - a book of Death

   Spells                             Type                      Level
   a - Corpse Rot                     Necromancy                   2
   b - Sublimation of Blood           Necromancy                   2
   c - Agony                          Necromancy                   5
   d - Dispel Undead                  Necromancy                   5
   e - Excruciating Wounds            Charms/Necromancy            5
   f - Bolt of Draining               Conjuration/Necromancy       5
 k - the Tome of Sinister Magic
   (You found it on level 1 of the Depths)

   Spells                             Type                      Level
   a - Animate Skeleton               Necromancy                   1
   b - Pain                           Necromancy                   1
   c - Vampiric Draining              Necromancy                   3
   d - Animate Dead                   Necromancy                   4
   e - Bolt of Draining               Conjuration/Necromancy       5
   f - Cigotuvi's Embrace             Necromancy                   5
   g - Dispel Undead                  Necromancy                   5
   h - Death Channel                  Necromancy                   6
Miscellaneous
 y - a phial of floods (inert)
Comestibles
 e - 10 bread rations
 n - 14 royal jellies
 p - 3 chunks of flesh
 z - 15 meat rations


   Skills:
 * Level 12.0(17.0) Fighting
 * Level 10.8(15.9) Maces & Flails
   Level 1.0(12.0) Staves
 - Level 1.0(6.0) Throwing
 - Level 12.7(17.7) Armour
 * Level 14.4(19.4) Dodging
 - Level 1.0(6.0) Stealth
 * Level 16.1(21.1) Shields
 - Level 7.2 Invocations


You had 16 spell levels left.
You knew the following spells:

 Your Spells              Type           Power        Failure   Level  Hunger
a - Animate Skeleton      Necr           N/A          41%         1    ##.....


Dungeon Overview and Level Annotations

Branches:
Dungeon (15/15)              Lair (8/8) D:9          Shoals (0/4) Lair:6
 Spider (0/4) Lair:6        Slime (0/6) Lair:8          Orc (4/4) D:10
    Elf (0/3) Orc:4        Vaults (0/5) D:13         Depths (2/5) D:15
 Temple: D:4-7

Altars:
Cheibriados
Dithmenos
Elyvilon
Fedhas
Kikubaaqudgha
Makhleb
Okawaru
Ru
Sif Muna
Trog
Vehumet
Yredelemnul
Zin
Beogh

Shops:
D:4 *   D:8 *   D:15 [(*(   Orc:2 ?   Orc:4 (%?[(

Portals:
Hell: Depths:1
Pandemonium: Depths:1

Annotations:
D:9 1 exclusion


Innate Abilities, Weirdness & Mutations

You have claws for feet.
You are completely covered in yellow scales (AC +4, rCorr).
Your flesh is cold resistant.
You can steal the life force of defeated enemies.
You are robust (+10% HP).
You are immune to freezing clouds.
You have a pair of small horns on your head.
You can breathe flames.
You possess an exceptional clarity of mind.
You are dopey. (Int -2)
Your magical capacity is low (-10% MP).


Message History

The ettin hits you with a dire flail! The ettin completely misses you.
You hit the ettin.
There is a sudden explosion of sparks!
Your kick misses the ettin.
You headbutt the ettin, but do no damage.
The ettin is heavily wounded.
You hit the ettin. You claw the ettin, but do no damage.
The ettin is heavily wounded.
The ettin hits you with a dire flail!
* * * LOW HITPOINT WARNING * * *
The ettin completely misses you.
You hit the ettin but do no damage.
There is a sudden explosion of sparks!
You claw the ettin, but do no damage. You headbutt the ettin.
The ettin is severely wounded.
Use which ability? (? or * to list)
You gain the combat prowess of a mighty hero.
You feel slightly more hungry. You block the ettin's attack.
The ettin hits you with a dire flail of holy wrath!!
* * * LOW HITPOINT WARNING * * *
You convulse!
You die...

......# #..# #..............
......# #..# #[........#####
###########.)##
#.........#### #........#
##........##.# #........#
#........##†# #........#
#######...#†# #........#
#...#.##
######........########
#...#.##
.()...........CC@#...#
#......(
######.......#####...#
#...#[.. #
#.######.####...#####...#..#
## #.# #.#.........###....##
.# #.####
#...........'.....## .#
#...)# #.#.........#....##
##
#.##.###.####...####...####
##
#.#.........#...#....#....#
.#
#.###'##....#...'...###...#


You could see 2 ettins.

Vanquished Creatures
  Rupert (D:14)
  A lich (Depths:1)
  2 sphinxes (D:14)
  A shadow dragon (Depths:1)
  4 frost giants
  Maud (Orc:4)
  5 very ugly things (Depths:1)
  A war gargoyle (D:13)
  A stone giant (Depths:1)
  Snorg (Orc:4)
  2 ettins (Depths:1)
  A yaktaur captain (D:15)
  A merfolk impaler (Depths:1)
  An ogre mage (D:13)
  Josephine (D:14)
  2 great orbs of eyes (Depths:1)
  A blizzard demon (Depths:1)
  A fire dragon (Depths:1)
  An ice dragon (Depths:1)
  Erolcha (D:10)
  6 hydras
  3 entropy weavers (Depths:1)
  2 salamander stormcallers (D:14)
  3 deep troll earth magi
  A deep troll shaman (Depths:1)
  3 catoblepae
  A tengu warrior (D:14)
  5 death yaks
  A spectral stone giant (Depths:1)
  9 centaur warriors
  5 orc high priests (Orc:4)
  Urug (D:10)
  A vampire mage (Depths:1)
  A storm dragon zombie (Depths:1)
  Sonja (Orc:4)
  A soul eater (Depths:1)
  Nergalle (D:11)
  3 skeletal warriors
  A titan skeleton (Depths:1)
  A gelid demonspawn (Depths:1)
  2 unseen horrors
  8 hill giants
  An infernal demonspawn (Depths:1)
  3 wizards
  An ice statue (IceCv)
  An orb spider (shapeshifter) (D:15)
  A tengu zombie (Depths:1)
  Pikel (D:7)
  4 necromancers (Depths:1)
  8 deep trolls (Depths:1)
  A golden dragon skeleton (Depths:1)
  The ghost of Kisielow the Slicer, an experienced VSBe of Trog (D:7)
  8 orc knights
  A wolf spider zombie (D:15)
  3 orc sorcerers (Depths:1)
  2 manticores
  An oklob plant (Lair:5)
  A sphinx skeleton (Depths:1)
  3 cyclopes
  3 griffons
  17 elephants
  22 ugly things
  3 centaur zombies
  Joseph (D:7)
  10 spiny frogs
  A torpor snail (Lair:3)
  5 black mambas
  A gargoyle (D:13)
  A spriggan zombie (Depths:1)
  12 komodo dragons
  An efreet (D:14)
  2 entropy weaver zombies (Depths:1)
  5 fire drakes
  A yaktaur skeleton (Depths:1)
  A spriggan druid (Lair:8)
  8 yaktaurs (Depths:1)
  A tengu conjurer (Depths:1)
  4 trolls
  25 polar bears
  A queen bee (D:12)
  3 two-headed ogres
  2 freezing wraiths (D:14)
  A wolf spider simulacrum (D:14)
  2 wandering mushrooms (D:9)
  Grinder (D:5)
  A trapdoor spider zombie (D:11)
  2 jumping spiders (Depths:1)
  A deep troll zombie (Depths:1)
  A tengu simulacrum (Depths:1)
  3 ravens (Depths:1)
  2 shadows
  7 slime creatures
  A trapdoor spider (shapeshifter) (D:14)
  23 blink frogs
  A ynoxinul (Orc:4)
  12 redbacks
  9 spriggans (Lair:8)
  4 wraiths
  59 yaks
  A centaur simulacrum (D:14)
  5 wyverns
  A water elemental (Depths:1)
  2 vampire mosquitoes (D:14)
  2 neqoxecs (Depths:1)
  2 basilisks
  2 deep elf magi
  2 hungry ghosts
  A soldier ant (D:13)
  A mottled dragon (D:15)
  9 wargs
  47 wolves
  8 hippogriffs
  17 water moccasins
  11 porcupines
  33 orc warriors
  6 black bears (Lair:8)
  9 spiders (Lair:6)
  4 slaves (D:7)
  An ice dragon simulacrum (Depths:1)
  3 phantoms
  An ettin simulacrum (Depths:1)
  An ogre (shapeshifter) (Depths:1)
  3 sky beasts
  4 wasps
  10 ice beasts
  11 centaurs
  13 ogres
  A boggart (D:13)
  16 giant frogs
  15 crocodiles
  A brain worm (D:15)
  A water moccasin zombie (D:5)
  6 big kobolds
  2 gnoll sergeants
  A scorpion (D:10)
  A wyvern skeleton (D:13)
  40 killer bees
  8 wights
  8 crimson imps
  10 jellies
  Crazy Yiuf (D:2)
  7 centaur skeletons
  A quasit (D:9)
  2 gnoll shamans (D:3)
  2 hounds
  5 giant frog skeletons
  42 orc wizards
  45 orc priests
  Jessica (D:6)
  6 iguanas
  16 worker ants
  8 sheep (Lair:7)
  A hound skeleton (D:11)
  2 worker ant zombies
  12 adders
  45 gnolls
  4 shadow imps
  72 river rats
  3 oozes
  An adder zombie (D:5)
  5 worms
  A giant gecko (D:3)
  200 orcs
  4 bat skeletons
  3 giant cockroaches
  16 goblins
  18 hobgoblins
  41 jackals
  27 kobolds
  8 quokkas
  A ball python (D:2)
  12 bats
  4 giant newts
  2 gnoll zombies (D:7)
  A jackal skeleton (D:4)
  A jackal zombie (D:7)
  A quokka zombie (D:7)
  15 rats
  A bush (Lair:5)
  4 fungi
  4 plants
1356 creatures vanquished.

Vanquished Creatures (collateral kills)
  An orc warrior (D:10)
  2 orc priests (D:10)
  5 orcs (D:10)
  A kobold (D:10)
9 creatures vanquished.

Vanquished Creatures (others)
  A centaur warrior (D:15)
  A skeletal warrior (Depths:1)
  2 water elementals (Depths:1)
  An elf zombie (Depths:1)
  A tengu skeleton (Depths:1)
  An ice beast (IceCv)
  2 orcs
  2 fungi (Lair:8)
11 creatures vanquished.

Grand Total: 1376 creatures vanquished

Notes
Turn   | Place    | Note
--------------------------------------------------------------
     0 | D:1      | Chiseanne the Demonspawn Wanderer began the quest for the Orb.
     0 | D:1      | Chiseanne set off with: a +2 quarterstaff, a potion of lignification, a +0 mace, a +0 robe, a bread ration
     0 | D:1      | Reached XP level 1. HP: 18/18 MP: 1/1
   357 | D:1      | Gained mutation: You have sharp toenails. [demonic ancestry]
   357 | D:1      | Reached XP level 2. HP: 17/24 MP: 2/2
   869 | D:2      | Reached skill level 1 in Dodging
  1141 | D:2      | Reached XP level 3. HP: 25/30 MP: 3/3
  1424 | D:2      | Reached skill level 4 in Fighting
  1429 | D:2      | Gained mutation: You are partially covered in yellow scales (AC +2). [demonic ancestry]
  1429 | D:2      | Reached XP level 4. HP: 22/37 MP: 4/4
  1773 | D:2      | Noticed Crazy Yiuf
  1782 | D:2      | Killed Crazy Yiuf
  2015 | D:3      | Found an iron altar of Okawaru.
  2084 | D:3      | Found a bloodstained altar of Trog.
  2114 | D:3      | Gained mutation: You have razor-sharp toenails. [demonic ancestry]
  2114 | D:3      | Reached XP level 5. HP: 36/43 MP: 5/5
  2361 | D:3      | Found a glowing drain.
  2366 | Sewer    | Entered a sewer
  2424 | Sewer    | Reached XP level 6. HP: 49/49 MP: 6/6
  2452 | Sewer    | Found a white marble altar of Elyvilon.
  2687 | D:3      | Found a glowing silver altar of Zin.
  3345 | D:3      | Gained mutation: You can steal the life force of nearby defeated enemies. [demonic ancestry]
  3345 | D:3      | Reached XP level 7. HP: 51/55 MP: 7/7
  3353 | D:3      | Reached skill level 5 in Fighting
  4066 | D:4      | Reached skill level 5 in Armour
  4363 | D:4      | Found Oqurgh's Elemental Accessories.
  4425 | D:4      | Reached XP level 8. HP: 63/63 MP: 8/8
  4991 | D:5      | Entered Level 5 of the Dungeon
  5011 | D:5      | Noticed Grinder
  5023 | D:5      | Killed Grinder
  5023 | D:5      | Reached skill level 6 in Fighting
  5023 | D:5      | Reached skill level 5 in Dodging
  6077 | D:5      | Found a burning altar of Makhleb.
  6077 | D:5      | Found a radiant altar of Vehumet.
  6239 | D:6      | Found an ancient bone altar of Kikubaaqudgha.
  6325 | D:6      | Gained mutation: You have claws for feet. [demonic ancestry]
  6325 | D:6      | Reached XP level 9. HP: 71/71 MP: 9/9
  6398 | D:6      | Reached skill level 7 in Dodging
  6539 | D:6      | Noticed a troll
  6584 | D:6      | Killed a troll
  6612 | D:6      | Reached skill level 8 in Dodging
  6830 | D:6      | Noticed Jessica
  6832 | D:6      | Killed Jessica
  6843 | D:6      | Found a deep blue altar of Sif Muna.
  6887 | D:7      | Noticed Kisielow's ghost (experienced VSBe)
  6900 | D:7      | Killed Kisielow's ghost
  6901 | D:7      | Reached skill level 9 in Dodging
  7134 | D:7      | Noticed Pikel
  7184 | D:7      | Killed Pikel
  7184 | D:7      | Gained mutation: You are mostly covered in yellow scales (AC +3). [demonic ancestry]
  7184 | D:7      | Reached XP level 10. HP: 65/81 MP: 10/10
  7212 | D:7      | Found a white marble altar of Elyvilon.
  7246 | D:7      | Noticed Joseph
  7257 | D:7      | Killed Joseph
  7336 | D:7      | Found an iron altar of Okawaru.
  7351 | D:7      | Became a worshipper of Warmaster Okawaru
  7459 | D:7      | Found a basalt altar of Yredelemnul.
  7502 | D:7      | Reached skill level 10 in Dodging
  7604 | D:7      | Found a snail-covered altar of Cheibriados.
  7816 | D:8      | Found a blossoming altar of Fedhas.
  7980 | D:8      | Acquired Okawaru's first power
  8269 | D:8      | Gained mutation: You possess an exceptional clarity of mind. [potion of beneficial mutation]
  8293 | D:8      | Found Qiverch's Assorted Antiques.
  8296 | D:8      | Bought a shimmering gossamer ring for 125 gold pieces
  8296 | D:8      | Bought a scroll of identify for 50 gold pieces
  8296 | D:8      | Bought a scroll labeled LIETHR KUONYECI for 25 gold pieces
  8296 | D:8      | Bought a scroll of blinking for 187 gold pieces
  8298 | D:8      | Identified the ring of Liberty {+/*Tele +Fly rElec rF+ Int-2} (You bought it in a shop on level 8 of the Dungeon)
  8304 | D:8      | Got a crude cloak
  8315 | D:8      | Identified the +2 cloak of Eternal Night {+Fly rPois Int+2} (You acquired it on level 8 of the Dungeon)
  8360 | D:8      | Got a jewelled plate armour
  8371 | D:8      | Identified the +1 plate armour "Vonaxos" {Str+3 Dex+3} (You found it on level 8 of the Dungeon)
  8836 | D:9      | Found a shadowy altar of Dithmenos.
  9075 | D:9      | Found a staircase to the Lair.
  9820 | Lair:1   | Entered Level 1 of the Lair of Beasts
 10731 | Lair:1   | Gained mutation: Your flesh is cold resistant. [demonic ancestry]
 10731 | Lair:1   | Reached XP level 11. HP: 82/89 MP: 11/11
 10911 | Lair:2   | Reached skill level 11 in Dodging
 11297 | Lair:2   | Noticed a six-headed hydra
 11305 | Lair:2   | Killed a two-headed hydra
 11350 | Lair:2   | Received a gift from Okawaru
 11631 | Lair:2   | Found a snail-covered altar of Cheibriados.
 11683 | Lair:2   | HP: 4/90 [poisoned by a spiny frog]
 11690 | Lair:2   | HP: 4/90 [poisoned by a spiny frog]
 11698 | Lair:2   | HP: 4/90 [poisoned by a spiny frog]
 12710 | Lair:3   | Reached skill level 10 in Fighting
 12721 | Lair:3   | Reached skill level 5 in Shields
 12824 | Lair:3   | Acquired Okawaru's second power
 12941 | Lair:3   | Noticed a death yak
 12941 | Lair:3   | Noticed a death yak
 12942 | Lair:3   | Noticed a death yak
 12971 | Lair:3   | Noticed a death yak
 12973 | Lair:3   | Killed a death yak
 12974 | Lair:3   | Noticed a catoblepas
 13003 | Lair:3   | Killed a death yak
 13004 | Lair:3   | Killed a death yak
 13018 | Lair:3   | Killed a catoblepas
 13032 | Lair:3   | Killed a death yak
 13032 | Lair:3   | Received a gift from Okawaru
 13032 | Lair:3   | Reached XP level 12. HP: 76/98 MP: 12/12
 13222 | Lair:3   | Received a gift from Okawaru
 13244 | Lair:3   | Got an ivory quarterstaff {god gift}
 13256 | Lair:3   | Identified the +5 quarterstaff "Cesadib" {god gift, freeze, Stlth+} (Okawaru gifted it to you on level 3 of the Lair of Beasts)
 15111 | Lair:5   | Reached skill level 10 in Armour
 15747 | Lair:6   | Gained mutation: You are completely covered in yellow scales (AC +4, rCorr). [demonic ancestry]
 15747 | Lair:6   | Reached XP level 13. HP: 97/105 MP: 13/13
 15797 | Lair:6   | Received a gift from Okawaru
 15962 | Lair:6   | Found a staircase to the Shoals.
 16117 | Lair:6   | Noticed a six-headed hydra
 16128 | Lair:6   | Killed a one-headed hydra
 17164 | Lair:7   | Reached skill level 10 in Shields
 17705 | Lair:7   | Received a gift from Okawaru
 17981 | Lair:8   | Entered Level 8 of the Lair of Beasts
 18093 | Lair:8   | Reached skill level 12 in Dodging
 18210 | Lair:8   | Reached skill level 5 in Maces & Flails
 18442 | Lair:8   | Gained mutation: You can steal the life force of defeated enemies. [demonic ancestry]
 18442 | Lair:8   | Reached XP level 14. HP: 97/111 MP: 14/14
 18630 | Lair:8   | Got a polished plate armour
 18745 | Lair:8   | Identified the cursed +0 plate armour "Gasexoci" {rF+ Int+2} (You found it on level 8 of the Lair of Beasts)
 19283 | Lair:8   | Found a staircase to the Slime Pits.
 19482 | Lair:8   | Received a gift from Okawaru
 20084 | Lair:6   | Found a hole to the Spider Nest.
 20404 | D:10     | Entered Level 10 of the Dungeon
 20431 | D:10     | Noticed Erolcha
 20444 | D:10     | Killed Erolcha
 20696 | D:10     | Found a roughly hewn altar of Beogh.
 20696 | D:10     | Found a staircase to the Orcish Mines.
 20837 | D:10     | Noticed Urug
 20856 | D:10     | Killed Urug
 21275 | Orc:1    | Entered Level 1 of the Orcish Mines
 21275 | Orc:1    | Found a burning altar of Makhleb.
 21468 | Orc:2    | Found a roughly hewn altar of Beogh.
 21471 | Orc:2    | Found Siaghyonk's Magic Scroll Emporium.
 21490 | Orc:2    | Bought a scroll of acquirement for 728 gold pieces
 21490 | Orc:2    | Bought a scroll of teleportation for 42 gold pieces
 21490 | Orc:2    | Bought a scroll of teleportation for 42 gold pieces
 21490 | Orc:2    | Bought a scroll of noise for 14 gold pieces
 22373 | Orc:4    | Entered Level 4 of the Orcish Mines
 22421 | Orc:4    | Noticed Snorg
 22421 | Orc:4    | Found a staircase to the Elven Halls.
 22443 | Orc:4    | Killed Snorg
 22465 | Orc:4    | Noticed Sonja
 22470 | Orc:3    | Found a frozen archway.
 22479 | IceCv    | Entered an ice cave
 23592 | IceCv    | Noticed a frost giant
 23614 | IceCv    | Killed a frost giant
 23653 | IceCv    | Gained mutation: You are immune to freezing clouds. [demonic ancestry]
 23653 | IceCv    | Reached XP level 15. HP: 86/117 MP: 15/15
 23681 | IceCv    | Reached skill level 13 in Shields
 23687 | IceCv    | Got a faintly glowing emerald amulet
 23692 | IceCv    | Got an ichor-stained cloak
 23696 | IceCv    | Identified the amulet "Abomo" {Regen+ Stlth+} (You found it in an ice cave)
 23707 | IceCv    | Identified the cursed +0 cloak of Web Niwu {rN+ Str+2} (You found it in an ice cave)
 24292 | Orc:4    | Killed Sonja
 24519 | Orc:4    | Noticed Maud
 24563 | Orc:4    | Killed Maud
 24563 | Orc:4    | Received a gift from Okawaru
 24712 | Orc:4    | Found Begeungi's Antique Weapon Emporium.
 25054 | Orc:4    | Received a gift from Okawaru
 25354 | Orc:4    | Found a roughly hewn altar of Beogh.
 25578 | Orc:4    | Found Zetitoy's Armour Shop.
 25578 | Orc:4    | Found Cauweypp's Antique Weapon Shop.
 25579 | Orc:4    | Found Xeeriv's Magic Scroll Shop.
 25579 | Orc:4    | Found Rymoch's Food Boutique.
 25594 | Orc:4    | Bought the +0 helmet "Utul" {Int+3 SInv} for 330 gold pieces
 25611 | Orc:4    | Bought a scroll of holy word for 105 gold pieces
 25611 | Orc:4    | Bought a scroll of identify for 28 gold pieces
 25611 | Orc:4    | Bought a scroll of teleportation for 42 gold pieces
 25611 | Orc:4    | Bought a scroll of teleportation for 42 gold pieces
 25611 | Orc:4    | Bought 2 scrolls of teleportation for 84 gold pieces
 25619 | Orc:4    | Bought 5 fruits for 90 gold pieces
 25619 | Orc:4    | Bought a royal jelly for 24 gold pieces
 25619 | Orc:4    | Bought a beef jerky for 18 gold pieces
 25619 | Orc:4    | Bought 3 fruits for 54 gold pieces
 25619 | Orc:4    | Bought a beef jerky for 18 gold pieces
 25619 | Orc:4    | Bought a beef jerky for 18 gold pieces
 26669 | D:11     | Noticed Nergalle
 26681 | D:11     | Killed Nergalle
 28048 | D:13     | Found a bloodstained altar of Trog.
 28098 | D:13     | Reached XP level 16. HP: 124/124 MP: 15/21
 28262 | D:13     | Found a roughly hewn altar of Beogh.
 28567 | D:13     | Reached skill level 14 in Shields
 28657 | D:13     | Found a gate to the Vaults.
 29075 | D:14     | Noticed Rupert
 29081 | D:14     | Paralysed by Rupert for 7 turns
 29108 | D:14     | Killed Rupert
 29249 | D:14     | Paralysed by a sphinx for 3 turns
 29610 | D:14     | Received a gift from Okawaru
 29736 | D:14     | Noticed Josephine
 29756 | D:14     | Killed Josephine
 29988 | D:14     | Reached XP level 17. HP: 85/130 MP: 22/22
 30188 | D:14     | Got a polished ring mail
 30204 | D:14     | Identified the cursed +0 ring mail of Responsibility {rElec rF+ Str+2} (You found it on level 14 of the Dungeon)
 30271 | D:14     | Received a gift from Okawaru
 30627 | D:14     | Found a sacrificial altar of Ru.
 30831 | D:15     | Entered Level 15 of the Dungeon
 30852 | D:15     | Found a basalt altar of Yredelemnul.
 30900 | D:15     | Found Otrulit's Armour Shop.
 30906 | D:15     | Bought the +3 crown of Dyrovepreva {rElec Int+2 SInv} for 579 gold pieces
 30938 | D:15     | Found Denew's Antique Weapon Shop.
 31011 | D:15     | Reached skill level 15 in Shields
 31056 | D:15     | Found Finnub's Assorted Antiques.
 31061 | D:15     | Bought a ruby ring for 150 gold pieces
 31061 | D:15     | Bought an amethyst potion for 27 gold pieces
 31145 | D:15     | Found Yxaoshek's Weapon Shoppe.
 31159 | D:15     | Bought 2 curare-tipped needles for 18 gold pieces
 31281 | D:15     | Reached skill level 10 in Maces & Flails
 31448 | D:15     | Gained mutation: You can breathe flames. [potion of beneficial mutation]
 31449 | D:15     | Gained mutation: You have a pair of small horns on your head. [potion of beneficial mutation]
 31647 | D:15     | Found a staircase to the Depths.
 31818 | Depths:1 | Entered Level 1 of the Depths
 31820 | Depths:1 | Found a gateway to Hell.
 32087 | Depths:1 | Received a gift from Okawaru
 32095 | Depths:1 | Gained mutation: You are dopey. (Int -2) [a neqoxec]
 32109 | Depths:1 | Found a one-way gate leading to the halls of Pandemonium.
 32205 | Depths:1 | Gained mutation: Your magical capacity is low (-10% MP). [a neqoxec]
 32298 | Depths:1 | Paralysed by a wizard for 2 turns
 33416 | Depths:1 | HP: 3/133 [spectral stone giant (6)]
 33428 | Depths:1 | HP: 3/133 [spectral stone giant (26)]
 33695 | Depths:1 | Identified the Tome of Sinister Magic (You found it on level 1 of the Depths)
 33700 | Depths:1 | Learned a level 1 spell: Animate Skeleton
 33867 | Depths:1 | Noticed a lich
 33886 | Depths:1 | Killed a lich
 33886 | Depths:1 | Received a gift from Okawaru
 34172 | Depths:1 | Gained mutation: You are robust (+10% HP). [demonic ancestry]
 34172 | Depths:1 | Reached XP level 18. HP: 132/154 MP: 21/21
 34529 | Depths:1 | Reached skill level 16 in Shields
 34909 | Depths:1 | HP: 6/154 [ettin/dire flail (29)]
 34909 | Depths:1 | Mangled by an ettin

Vault maps used:
D:1:      dpeg_arrival_prison
D:2:      uniq_crazy_yiuf_cottage
D:3:      lemuel_castle_with_subvaults, nicolae_overflow_hidden_temple,
          lightli_temple_of_fire, lightli_sewer_entry_pipes, okawaru_gym_becter
D:4:      first_bread, st_stairs_3, grunt_ministairs_8, roderic_lattice_a,
          grunt_decor_mini_mirrors, nicolae_elemental_shop
D:5:      grunt_temple_overflow_lords_of_destruction, st_stairs_9, uniq_grinder
D:6:      hangedman_cross_stitches, tgw_sif, kiku_gazebo_garden_becter,
          lemuel_doored_altar, temple_green
D:7:      lemuel_zombie_altar_yredelemnul, old_standard_altar,
          lemuel_crystal_altar, cheibrodos_worm_habitat,
          kennysheep_another_room, bh_walls_and_bars, uniq_pikel, uniq_joseph
D:8:      fedhas_altar_3, serial_shops, nicolae_shop_behind_doors
D:9:      kennysheep_mini, erik_lair_orcish_takeover, hangedman_tree_tricks,
          eino_small_chamber_without_monster
D:10:     david_orc_5, uniq_urug, uniq_erolcha
D:11:     uniq_nergalle
D:13:     hangedman_vaults_entry_quadrant_bands, basic_altar, special_room
D:14:     minmay_textured_paths, nicolae_ru_awakened_eye, uniq_josephine,
          uniq_rupert
D:15:     grunt_enter_depths_snipers, old_standard_altar, serial_shops,
          shop_fountains, shop, shop_fountains, nicolae_shop_overgrown_old_shop,
          hangedman_decor_riveting
Lair:1:   st_stairs_6, serial_bayou_pond_d, infiniplex_staircase_pool
Lair:2:   basic_altar, grunt_megastairs_5
Lair:3:   minivault_26
Lair:5:   minmay_lair_oklob_bushes
Lair:6:   minmay_shoals_entry_beasts, nicolae_spider_entry_tight_spaces,
          lemuel_fruit_tree
Lair:7:   minivault_11
Lair:8:   minmay_lair_end_enchanted_forest, minmay_slime_entry_pillars
Orc:1:    basic_altar
Orc:2:    serial_shops, nicolae_shop_trees, mines2_david
Orc:3:    portal_ice_cave_entry_pillars_02, nicolae_orc_pool_cavern
Orc:4:    st_orc_pillars, serial_shops, shop, basic_altar, uniq_sonja,
          uniq_snorg, uniq_maud
Depths:1: rand_demon_pan_entry_7, hell_entry, special_room, st_stairs_5,
          nooodl_orcs_dogs, hangedman_decor_cross_pass
Depths:2: wad_arrow_thing, abyss_entry, columned_hall_lemuel,
          hangedman_coc_ice_floe, rand_demon_pan_entry_9
Sewer:    sewer_kobolds
IceCv:    ice_cave_caverns_01

Action                   |  1- 3 |  4- 6 |  7- 9 | 10-12 | 13-15 | 16-18 || total
-------------------------+-------+-------+-------+-------+-------+-------++-------
Melee: Quarterstaff      |    75 |       |       |       |       |       ||    75
       Whip              |     9 |   191 |   454 |  1050 |  2002 |  1463 ||  5169
       Hand axe          |       |       |       |   113 |   363 |   288 ||   764
 Fire: Blowgun           |       |       |       |       |    33 |     9 ||    42
Throw: Javelin           |       |       |    38 |    38 |     7 |    42 ||   125
       Tomahawk          |       |       |       |    65 |    26 |       ||    91
Invok: Heroism           |       |       |       |       |     6 |    14 ||    20
       Finesse           |       |       |       |       |       |     1 ||     1
Evoke: Wand              |       |     3 |     3 |    19 |    18 |     8 ||    51
       Phial of floods   |       |       |       |       |       |     2 ||     2
  Use: Scroll            |     5 |     3 |     6 |    18 |    15 |    15 ||    62
       Potion            |       |     2 |     3 |     4 |     3 |    10 ||    22
 Stab: Sleeping          |     3 |       |     1 |     1 |       |     4 ||     9
       Fleeing           |       |       |       |       |     3 |       ||     3
       Confused          |       |       |       |       |     1 |       ||     1
       Invisible         |       |       |       |       |       |     2 ||     2
  Eat: Chunk             |     1 |     7 |    12 |    26 |    30 |    14 ||    90
       Beef jerky        |       |       |       |     1 |     4 |     2 ||     7
       Pizza             |       |       |       |     2 |       |       ||     2
       Fruit             |       |       |       |       |    13 |    10 ||    23
       Bread ration      |       |       |       |       |       |     1 ||     1
       Royal jelly       |       |       |       |       |       |     2 ||     2
